AoeStats
← Agez

Hill Fort

505305157Analyzed
2v2 RM · 23d ago on Sep 8, 2026· 34m 18s· 4 players
Game mode
Random Map
Map size
Medium (4 player)
Population
200
Speed
Normal
Resources
Standard
Victory
Conquest
Starting age
Dark Age
Ending age
Imperial Age
RankedLock teamsTeams togetherTeam positionsShared explorationLock speedFull tech treeHidden civsTurbo modeCheats
Victory
Defeat
🇹🇷 Malians · Türkiye
1132
+13
🇹🇷 Slavs · Türkiye
1021
+18
🇦🇷 Italians · Argentina
1130
-19
🇦🇷 Franks · Argentina
990
-12
ElOlorosopitt
11:16 Feudal Age
16:32 Castle Age
15:37 Double-Bit Axe
15:36 Horse Collar
19:04 Bow Saw
19:09 Gold Mining
19:59 Heavy Plow
25:02 Fletching
29:14 Loom
30:23 Wheelbarrow
35:04 Imperial Age
34:03 Bodkin Arrow
34:03 Stone Mining
34:37 Padded Archer Armor
34:48 Forging
34:39 Scale Mail Armor
Agez
11:41 Feudal Age
12:18 Feudal Age
17:56 Castle Age
16:02 Double-Bit Axe
19:13 Gold Mining
25:24 Forging
30:06 Iron Casting
31:14 Scale Barding Armor
35:05 Imperial Age
34:07 Husbandry
Gkzaim
11:07 Feudal Age
11:40 Horse Collar
19:10 Castle Age
17:06 Double-Bit Axe
17:15 Stone Mining
18:03 Gold Mining
23:52 Loom
28:32 Imperial Age
26:41 Wheelbarrow
26:41 Heavy Plow
26:56 Bow Saw
27:26 Gold Shaft Mining
28:00 Scale Barding Armor
28:06 Forging
28:04 Town Watch
28:57 Detinets
29:37 Husbandry
29:47 Bloodlines
30:02 Conscription
30:06 Chain Barding Armor
31:26 Plate Barding Armor
31:26 Iron Casting
32:59 Hand Cart
33:14 Elite Boyar
33:54 Town Watch
seher9203
2:37 Loom
11:01 Feudal Age
11:30 Horse Collar
17:35 Castle Age
15:47 Double-Bit Axe
20:42 Gold Mining
21:46 Forging
22:03 Arson
31:53 Wheelbarrow
31:25 Scale Mail Armor
32:01 Iron Casting
35:02 Imperial Age
34:13 Chain Mail Armor
34:03 Scale Barding Armor
Connection lost

Rejoining the realm…

Still unreachable

The connection could not be restored.

Session expired

The server has moved on; the page needs a fresh start.